 Dungeon Crawl Stone Soup version 0.30.0 (webtiles) character file.

Game seed: 18361419389313041976

13153 LobsterGuardian the Thrower (level 11, 0/80 HPs)
             Began as a Demonspawn Brigand on May 6, 2023.
             Was a High Priest of Okawaru.
             Killed from afar by an orc sorcerer (10 damage)
             ... with a bolt of fire
             ... on level 2 of the Orcish Mines.
             The game lasted 00:58:56 (15509 turns).

LobsterGuardian the Thrower (Demonspawn Brigand)   Turns: 15509, Time: 00:58:57

Health: 0/80       AC:  9    Str: 11    XL:     11   Next: 71%
Magic:  33/33      EV: 13    Int: 13    God:    Okawaru [*****.]
Gold:   423        SH: 10    Dex: 19    Spells: 10/10 levels left

rFire   + + .        a - +3 dagger (spect)
rCold   + . .        q - +0 kite shield "Ixoxaxke" {MP+9}
rNeg    + . .        i - +3 leather armour of the Dragon {Rampage rPois rF++ MP+9}
rPois   +            A - +0 helmet
rElec   .            c - +0 cloak
rCorr   +            (no gloves)
SInv    .            f - +0 pair of boots
Will    .....        e - amulet of magic regeneration
Stlth   ++++         B - ring of Lesser Demons {rC+ rN+ rCorr}
HPRegen 0.33/turn    (no ring)
MPRegen 0.63/turn

%: rampage
@: hasted, invisible, very quick
A: spiny 2, demonic magic 1, weakness stinger 2, claws 1
a: Renounce Religion, Heroism, Finesse, Duel


You were on level 2 of the Orcish Mines.
You worshipped Okawaru.
Okawaru was extremely pleased with you.
You visited 4 branches of the dungeon, and saw 16 of its levels.

You collected 728 gold pieces.
You spent 305 gold pieces at shops.

Inventory:

Hand Weapons
 a - a +3 spectral dagger (weapon)
Missiles
 d - 12 poisoned darts
 k - 2 throwing nets
 E - 5 boomerangs (quivered)
 F - 127 stones
 G - 2 silver boomerangs
 J - 2 silver javelins
Armour
 c - a +0 cloak (worn)
 f - a +0 pair of boots (worn)
 i - the +3 leather armour of the Dragon (worn) {Rampage rPois rF++ MP+9}
   (You found it on level 7 of the Dungeon)

   rF:        It greatly protects you from fire.
   rPois:     It protects you from poison.
   MP:        It affects your magic capacity (+9).
   Rampage:   It bestows one free step when moving towards enemies.
 p - a +0 buckler
 q - the +0 kite shield "Ixoxaxke" (worn) {MP+9}
   (You bought it in a shop on level 8 of the Dungeon)

   MP:        It affects your magic capacity (+9).
 A - a +0 helmet (worn)
Jewellery
 e - an amulet of magic regeneration (around neck)
 x - a ring of ice
 B - the ring of Lesser Demons (left claw) {rC+ rN+ rCorr}
   (You bought it in a shop on level 8 of the Dungeon)

   [ring of resist corrosion]

   rC:        It protects you from cold.
   rN:        It protects you from negative energy.
   rCorr:     It protects you from acid and corrosion.
 O - an amulet of reflection
Wands
 t - a wand of quicksilver (6)
 w - a wand of flame (21)
 H - a wand of polymorph (9)
Scrolls
 g - 3 scrolls of amnesia
 m - 3 scrolls of enchant armour
 n - a scroll of vulnerability
 y - 2 scrolls of poison
 K - 2 scrolls of noise
Potions
 h - 3 potions of cancellation
 j - 6 potions of lignification
 l - 4 potions of brilliance
 o - a potion of mutation
 r - 2 potions of might
 s - 2 potions of attraction
 u - 4 potions of curing
 v - a potion of resistance
 z - a potion of haste
 M - a potion of flight


   Skills:
 + Level 5.4 Fighting
 + Level 6.4 Short Blades
 * Level 10.6 Throwing
 + Level 3.2 Armour
 * Level 6.0 Dodging
 + Level 9.0 Stealth
 + Level 3.7 Shields
 * Level 5.6 Invocations


You had 10 spell levels left.
You didn't know any spells.
Your spell library contained the following spells:

 Spells                   Type           Power      Damage    Failure   Level
 Frozen Ramparts          Ice            0%         1d1       99%         3
 Vhi's Electric Charge    Tloc/Air       0%         N/A       99%         3
 Ice Form                 Ice/Tmut       0%         N/A       100%        4
 Manifold Assault         Tloc           0%         N/A       100%        4
 Arcjolt                  Conj/Air       0%         1d10      100%        5
 Dispersal                Tloc           0%         N/A       100%        6
 Plasma Beam              Fire/Air       0%         2x1d11    100%        6
 Disjunction              Tloc           0%         N/A       100%        8
 Chain Lightning          Conj/Air       0%         N/A       100%        9
 Fire Storm               Conj/Fire      0%         5d1       100%        9
 Shatter                  Erth           0%         3d5*      100%        9
 Summon Ice Beast         Ice/Summ       Unusable   N/A       N/A         4

Dungeon Overview and Level Annotations

Branches:
Dungeon (12/15)            Temple (1/1) D:5            Lair (1/5) D:9
    Orc (2/2) D:10            Elf (0/3) Orc:2

Altars:
Ashenzari
Cheibriados
Dithmenos
Fedhas
Gozag
Hepliaklqana
Kikubaaqudgha
Makhleb
Nemelex Xobeh
Okawaru
Qazlal
Ru
Sif Muna
Trog
Uskayaw
Vehumet
Wu Jian
Xom
Yredelemnul

Shops:
D:4 :   D:8 **[   Orc:2 [

Annotations:
D:10 2 transporters
D:11 1 runed translucent door, domi's ghost, journeyman MiBe


Innate Abilities, Weirdness & Mutations

You are mostly covered in sharp spines.
Spells you cast may paralyse adjacent enemies.
You have a tail ending in a sharp stinger.
You have sharp fingernails.


Message History

Blink to where?
Press: ? - help, Dir - move target An orc sorcerer, a troll and an orc come into view.
The orc sorcerer is wielding a +0 dagger and wearing a +2 robe of fire resistance.
Found Secluqu's Antique Armour Boutique.
As you read the scroll of blinking, it crumbles to dust.
The orc moves out of view.
You fade into invisibility!
An orc warrior comes into view. It is wielding a +0 mace.
The orc sorcerer gestures wildly while chanting.
Okay, then.
As you read the scroll of magic mapping, it crumbles to dust.
You feel aware of your surroundings.
You sensed 1 altar, and 3 shops/portals.
You feel yourself speed up.
You rampage towards the troll!
Found a stone staircase leading up.
An orc comes into view. It is wielding a +0 club.
Found 45 gold pieces.
A gnoll sergeant, a gnoll, 2 orc warriors and an orc priest come into view.
An orc warrior is wielding a +2 war axe of freezing.
Found 17 gold pieces.
The gnoll sergeant shouts!
The gnoll shouts!
You hear a shout! x2
The orc sorcerer shouts!
You hear a shout! x2 3 gnolls and an orc come into view.
Found a stone staircase leading up.
You hear a shout! x2
The orc sorcerer mumbles some strange words.
You feel troubled.
The gnoll moves out of view.
An orc and an orc sorcerer come into view.
The orc sorcerer is wielding a +0 dagger and wearing a +2 robe of cold resistance.
The orc sorcerer shouts!
You hear a shout! x3
The orc sorcerer points at you and mumbles some strange words.
The bolt of negative energy misses you.
There is a stone staircase leading up here.
The orc sorcerer casts a spell at you. You resist with significant effort.
The orc sorcerer points at you and mumbles some strange words.
The bolt of fire hits you! You resist.
You die...

,,,,,,,,,,,,,,,,,*,,,,,,****,,,,,
,,,,,,∩,,,......###..o,..#,*,,,,,
*,,,,,,,,,..<.....gog##....,,,,,,
,,,,,,8,,,.........og..PP...,,,,,
,,,,,,,,,,........$..........,,,,
*,,,,,,,,,,.........g..8....P.,,,
,,,*,,,,,,,,*#....g...P......P.,,
*,,**,,,,,,,,*##.....o...∩.....*,
,,,,,,,,,,,***#.@..............,,
,,,,,,,,,,,,* ###..T.o.........*,
,*,,,,,,,,,,**##....o.P.....P.#**
****,,,,,_,,,*#................,,
**,,,,,,,,,#......#...........
**,,,,,,,........##..o.......
**,,,,,o........##....$.....
**,,,,.o......###.#...o....
**,,,.o...#### ###........


You could see a troll (unable to see you), 2 orc sorcerers, 2 orc warriors, a
gnoll sergeant (unable to see you), 4 gnolls and 2 orcs.

Vanquished Creatures
  Pikel (D:4)
  An ugly thing (D:11)
  A manticore (D:11)
  A cyclops (D:11)
  Joseph (D:9)
  2 trolls
  6 blink frogs
  Sigmund (D:2)
  A wyvern (D:6)
  A shadow (D:11)
  A wraith (D:11)
  21 yaks
  Eustachio (D:6)
  A warg (D:10)
  5 vampire mosquitoes
  An acid dragon (D:11)
  A water moccasin (D:5)
  A sky beast (D:6)
  7 orc warriors
  2 black bears
  6 wolves (Lair:1)
  2 ogres
  3 centaurs
  Blork the orc (D:5)
  2 bullfrogs
  2 kobold brigands (D:9)
  5 scorpions
  2 gnoll sergeants (D:8)
  6 wights (D:7)
  3 electric eels (D:10)
  8 howler monkeys
  5 orc priests
  4 hounds
  2 gnoll boudas
  3 jellies
  4 iguanas
  Jessica (D:2)
  5 sleepcaps
  19 orc wizards
  Natasha (thrice) (D:2)
  Robin (D:4)
  16 gnolls
  6 adders
  A shadow imp (D:5)
  3 white imps
  An ufetubus (D:5)
  A worm (D:2)
  2 dart slugs
  51 orcs
  5 ball pythons
  An endoplasm (D:1)
  4 giant cockroaches (D:1)
  21 goblins
  8 hobgoblins
  10 jackals
  15 kobolds
  5 quokkas
  5 bats
  2 frilled lizards (D:3)
  7 rats
308 creatures vanquished.

Vanquished Creatures (others)
  A human (D:3)
  A fungus (Lair:1)
  3 plants (Lair:1)
  A spectral weapon (D:10)
6 creatures vanquished.

Grand Total: 314 creatures vanquished

Notes
Turn   | Place    | Note
-------+----------+-------------------------------------------
     0 | D:1      | LobsterGuardian the Demonspawn Brigand began the quest for
                  | the Orb.
     0 | D:1      | Reached XP level 1. HP: 16/16 MP: 1/1
   130 | D:1      | Gained mutation: You are partially covered in sharp spines.
                  | [demonic ancestry]
   130 | D:1      | Reached XP level 2. HP: 2/22 MP: 2/2
   324 | D:1      | Reached XP level 3. HP: 24/27 MP: 3/3
   911 | D:2      | Noticed Natasha
   919 | D:2      | Killed Natasha
   920 | D:2      | Gained mutation: You have a small tail. [demonic ancestry]
   920 | D:2      | Reached XP level 4. HP: 24/34 MP: 4/4
  1041 | D:2      | Noticed Sigmund
  1054 | D:2      | Killed Sigmund
  1055 | D:2      | Reached skill level 5 in Stealth
  1055 | D:2      | Reached XP level 5. HP: 30/39 MP: 5/5
  1259 | D:2      | Noticed Natasha
  1265 | D:2      | Killed Natasha
  1266 | D:2      | Reached XP level 6. HP: 32/46 MP: 6/6
  1361 | D:2      | Noticed Jessica
  1364 | D:2      | Killed Jessica
  1517 | D:2      | Noticed Natasha
  1527 | D:2      | Killed Natasha
  1697 | D:2      | Gained mutation: You sometimes lose your temper in combat.
                  | [potion of mutation]
  1697 | D:2      | Gained mutation: Your flesh is cold resistant. (rC+)
                  | [potion of mutation]
  1698 | D:2      | Lost mutation: You sometimes lose your temper in combat.
                  | [potion of mutation]
  1698 | D:2      | Lost mutation: Your flesh is cold resistant. (rC+) [potion
                  | of mutation]
  1698 | D:2      | Gained mutation: You have sharp fingernails. [potion of
                  | mutation]
  1729 | D:3      | Found a basalt altar of Yredelemnul.
  2211 | D:3      | Found an ancient bone altar of Kikubaaqudgha.
  2214 | D:3      | Noticed a human
  2216 | D:3      | Killed a human
  2337 | D:3      | Reached skill level 2 in Throwing
  2596 | D:4      | Gained mutation: You have a tail ending in a sharp stinger.
                  | [demonic ancestry]
  2596 | D:4      | Reached XP level 7. HP: 25/52 MP: 7/7
  2765 | D:4      | Found a bloodstained altar of Trog.
  2800 | D:4      | Found Mixuse's Vocational Training.
  2811 | D:4      | Reached skill level 5 in Short Blades
  2847 | D:4      | Found a burning altar of Makhleb.
  2971 | D:4      | Noticed Robin
  3096 | D:4      | Found a hide-covered altar of Uskayaw.
  3098 | D:4      | Noticed a +0 short sword
  3099 | D:4      | Noticed a +0 dagger
  3100 | D:4      | Noticed a +0 spear
  3101 | D:4      | Noticed a +0 falchion
  3105 | D:4      | Noticed a +0 falchion
  3108 | D:4      | Noticed a +0 short sword
  3108 | D:4      | Noticed a +0 dagger
  3109 | D:4      | Noticed a +0 spear
  3196 | D:4      | Noticed an angel
  3236 | D:4      | Found a hazy altar of Hepliaklqana.
  3297 | D:4      | Found an opulent altar of Gozag.
  3464 | D:4      | Killed Robin
  3542 | D:5      | Entered Level 5 of the Dungeon
  3549 | D:5      | Reached skill level 3 in Throwing
  3549 | D:5      | Reached skill level 1 in Dodging
  3559 | D:5      | Noticed Blork the orc
  3574 | D:5      | Noticed Pikel
  3589 | D:5      | Killed Blork the orc
  3590 | D:5      | Reached XP level 8. HP: 46/58 MP: 8/8
  3740 | D:4      | Killed Pikel
  3741 | D:4      | Reached skill level 5 in Throwing
  4428 | D:5      | Found a staircase to the Ecumenical Temple.
  4568 | Temple   | Entered the Ecumenical Temple
  4581 | Temple   | Became a worshipper of Warmaster Okawaru
  4658 | D:5      | Found a snail-covered altar of Cheibriados.
  4746 | D:6      | Found a sparkling altar of Nemelex Xobeh.
  4758 | D:6      | Reached skill level 6 in Throwing
  4776 | D:6      | Gained mutation: Spells you cast may paralyse adjacent
                  | enemies. [demonic ancestry]
  4776 | D:6      | Reached XP level 9. HP: 64/64 MP: 9/9
  4903 | D:6      | Found an ornate altar of the Wu Jian Council.
  5225 | D:6      | Noticed Eustachio
  5243 | D:6      | Killed Eustachio
  5243 | D:6      | Reached * piety under Okawaru
  5244 | D:6      | Reached skill level 7 in Throwing
  5392 | D:6      | Reached skill level 1 in Invocations
  5950 | D:6      | Found a broken altar of Ashenzari.
  5954 | D:6      | Identified the +1 ring mail of Gallantry {Will+ Int+3 Dex-4
                  | SInv}
  6194 | D:7      | Found a sacrificial altar of Ru.
  6657 | D:7      | Reached skill level 8 in Throwing
  6783 | D:7      | Found a shadowy altar of Dithmenos.
  6977 | D:7      | Identified the +3 leather armour of the Dragon {Rampage
                  | rPois rF++ MP+9}
  7685 | D:8      | Found Xephaog's Assorted Antiques.
  7772 | D:8      | Found Biejamia's Antique Armour Shop.
  7778 | D:8      | Bought a slimy kite shield for 180 gold pieces
  7778 | D:8      | Identified the +0 kite shield "Ixoxaxke" {MP+9} (You bought
                  | it in a shop on level 8 of the Dungeon)
  8015 | D:8      | Bought a bound copper ring for 125 gold pieces
  8015 | D:8      | Identified the ring of Lesser Demons {rC+ rN+ rCorr} (You
                  | bought it in a shop on level 8 of the Dungeon)
  8244 | D:8      | Gained mutation: You are mostly covered in sharp spines.
                  | [demonic ancestry]
  8244 | D:8      | Reached XP level 10. HP: 68/71 MP: 12/12
  8570 | D:8      | Reached ** piety under Okawaru
  8701 | D:8      | Found Nuurghemp's Assorted Antiques.
  9251 | D:9      | Found a shimmering altar of Xom.
  9291 | D:9      | Found a staircase to the Lair.
  9397 | D:9      | Reached skill level 9 in Throwing
  9492 | D:9      | Noticed Joseph
  9505 | D:9      | Killed Joseph
 10281 | D:9      | Found a stormy altar of Qazlal.
 10317 | D:9      | Found a radiant altar of Vehumet.
 10549 | D:9      | Reached *** piety under Okawaru
 10551 | D:9      | Reached skill level 1 in Shields
 10809 | D:9      | Reached skill level 5 in Invocations
 10957 | D:10     | Entered Level 10 of the Dungeon
 11359 | D:10     | Reached skill level 10 in Throwing
 11368 | D:10     | Reached **** piety under Okawaru
 11457 | D:10     | Found a transporter.
 11457 | D:10     | Found a transporter.
 11457 | D:10     | Noticed an ogre mage
 11457 | D:10     | Identified the +3 flail of the Sage {venom, Dex+5}
 11475 | D:10     | Found a staircase to the Orcish Mines.
 11491 | D:10     | Noticed a four-headed hydra
 11513 | D:10     | Noticed a two-headed ogre
 11733 | D:10     | Found a shimmering blue altar of Sif Muna.
 11869 | D:10     | Found a blossoming altar of Fedhas.
 12046 | D:10     | Reached XP level 11. HP: 72/78 MP: 14/14
 12067 | D:10     | Reached skill level 1 in Armour
 12432 | D:11     | Received a gift from Okawaru
 12433 | D:11     | Reached skill level 5 in Fighting
 12561 | D:11     | Noticed domi's ghost (journeyman MiBe)
 12577 | D:11     | Found a runed translucent door.
 13022 | D:11     | Noticed a purple ugly thing
 13038 | D:11     | Killed a purple ugly thing
 13039 | D:11     | Reached skill level 5 in Dodging
 13710 | D:12     | Noticed a brown ugly thing
 13973 | Orc:1    | Entered Level 1 of the Orcish Mines
 14195 | D:10     | Reached ***** piety under Okawaru
 14816 | Orc:2    | Entered Level 2 of the Orcish Mines
 14816 | Orc:2    | Noticed an orc high priest
 14818 | Orc:2    | Noticed an orc sorcerer
 14891 | Lair:1   | Entered Level 1 of the Lair of Beasts
 14919 | Lair:1   | Received a gift from Okawaru
 15300 | Lair:1   | Noticed a six-headed hydra
 15491 | Orc:2    | Paralysed by an orc sorcerer for 5 turns
 15492 | Orc:2    | Noticed a sun demon
 15496 | Orc:2    | Found Secluqu's Antique Armour Boutique.
 15496 | Orc:2    | Noticed an orc sorcerer
 15506 | Orc:2    | Noticed an orc sorcerer
 15509 | Orc:2    | Killed from afar by an orc sorcerer

Illustrated notes

Levels and vault maps discovered:
D:1:      enne_arrival_octagon_isle, layout_basic, minmay_misc_feat_doors
D:2:      layout_loops_ring, uniq_jessica, uniq_sigmund, uniq_natasha
D:3:      layout_rooms, nicolae_tso_carved_into_rock, tgw_kikubaaqudgha,
          mainiacjoe_overflow_tiny_flanked
D:4:      kennysheep_goblin_castle, layout_basic, nicolae_uskayaw_en_pointe,
          kennysheep_mini, nicolae_overflow_crystal_walls, zin_angel,
          nicolae_hepliaklqana_hippocampus, nicolae_overflow_hidden_temple,
          nicolae_shop_vocational
D:5:      layout_rooms, cheibriados_altar_1, temple_green, uniq_blork_the_orc,
          uniq_pikel
D:6:      layout_basic, overflow_temple_1_default, ashenzari_altar_1,
          mainiacjoe_overflow_concentric_impassable, enter_ossuary_5,
          uniq_eustachio
D:7:      layout_loops_ring, lemuel_doored_altar,
          nicolae_dithmenos_through_a_glass_darkly
D:8:      layout_loops_corners, serial_shops, shop, shop, shop
D:9:      layout_gridville, kennysheep_little_box, nicolae_vehumet_altar_sigil,
          mainiacjoe_overflow_paths, minmay_sticks_and_stones
D:10:     gammafunk_the_bubble [the_bubble_gammafunk_plus_minus], layout_basic,
          elyvilon_altar_1, kennysheep_orc_sif_temple,
          mainiacjoe_overflow_alcove_1, orc_0_dummy, minmay_misc_feat_five
D:11:     layout_gridville, hellmonk_ghost_happy_afterlife,
          minmay_misc_feat_plants
D:12:     evilmike_diamond_1, layout_rooms, uniq_nessos, uniq_lodul
Temple:   ebering_the_one_and_only
Lair:1:   layout_loops_ring, minivault_11
Orc:1:    layout_caves, gammafunk_ghost_necromancy, basic_altar
Orc:2:    grunt_orc_gardens, layout_diamond_mine, grunt_orc_garden,
          grunt_orc_garden, grunt_orc_garden, grunt_orc_garden, basic_altar

Skill      XL: |  1  2  3  4  5  6  7  8  9 10 11 |
---------------+----------------------------------+-----
Short Blades   | 2 4 5 6 |  6.4
Stealth        | 4 5 6 8 9 |  9.0
Fighting       | 3 4 5 |  5.4
Throwing       | 2 3 6 8 10 | 10.6
Dodging        | 1 2 3 4 6 |  6.0
Invocations    | 3 5 |  5.6
Shields        | 2 3 |  3.7
Armour         | 3 |  3.2

Action                     |  1- 3 |  4- 6 |  7- 9 | 10-12 || total
---------------------------+-------+-------+-------+-------++-------
  Melee: Dagger            |    62 |   110 |   285 |   322 ||   779
         Punch             |     1 |       |       |       ||     1
         Tailslap          |       |     7 |    51 |    52 ||   110
  Throw: Dart              |    25 |    37 |    89 |   161 ||   312
         Stone             |       |       |    36 |       ||    36
         Throwing net      |       |       |     1 |     2 ||     3
         Boomerang         |       |       |       |    29 ||    29
 Invoke: Heroism           |       |       |     3 |       ||     3
  Evoke: Wand              |       |       |     7 |       ||     7
    Use: Scroll            |       |     6 |    15 |    13 ||    34
         Potion            |       |     5 |     4 |     5 ||    14
   Stab: Sleeping          |     5 |     9 |    29 |    11 ||    54
         Distracted        |       |       |     2 |     8 ||    10
         Held in net/web   |       |       |       |     1 ||     1
 Armour: Robe              |     9 |    12 |    18 |       ||    39
         Leather armour    |       |       |    10 |    55 ||    65
  Dodge: Dodged            |    43 |    39 |   119 |   113 ||   314
  Block: Buckler           |       |       |    44 |       ||    44
         Kite shield       |       |       |    14 |   149 ||   163
